AAA
BUFFALO BISONS @ ORLANDO WIZARDS
06/26/2052
 
TOP OF THE 1ST
Birmingham Barons batting - Pitching for Newark Bears : RHP Marc Mobley
Pitching: RHP Marc Mobley
Batting: RHB Martin Trezo 0-0: Ground out 6-3 (Groundball, 6, EV 86.2 MPH)
Batting: RHB Josh Herman 0-0: Ground out 6-3 (Groundball, 6, EV 95.6 MPH)
Batting: LHB Neal Prima 0-0: Ball
1-0: Foul Ball, location: 2F
1-1: Called Strike
1-2: Ball
2-2: SINGLE (Flyball, 89S, EV 90.0 MPH)
Batting: LHB Tyler Merrill 0-0: Called Strike
0-1: SINGLE (Line Drive, 6MD, EV 99.4 MPH)
Neal Prima to second
Batting: RHB Melvin Schaffer 0-0: Ball
1-0: SINGLE (Groundball, 6MD, EV 100.0 MPH)
Neal Prima to third
Tyler Merrill to second
Runner from 3rd tries for Home, SAFE, throw by CF to home
Batting: LHB Elijah Lowe 0-0: Called Strike
0-1: Called Strike
0-2: Ground out 4-3 (Groundball, 4, EV 103.1 MPH)
Top of the 1st over - 1 run, 3 hits, 0 errors, 2 left on base; Birmingham 1 - Newark 0
BOTTOM OF THE 1ST
Newark Bears batting - Pitching for Birmingham Barons : RHP Lucien Taylor
Pitching: RHP Lucien Taylor
Batting: SHB John Sparks 0-0: Called Strike
0-1: Hit by Pitch
Batting: RHB Willie Hernandez 0-0: Ball
1-0: Grounds into double play, 6-4-3 (Groundball, 6, EV 85.0 MPH)
Batting: LHB Luke Deery 0-0: Foul Ball, location: 2F
0-1: Called Strike
0-2: Ball
1-2: Foul Ball, location: 2F
1-2: Ball
2-2: Foul Ball, location: 2F
2-2: Ball
3-2: Foul Ball, location: 2F
3-2: SOLO HOME RUN (Flyball, 89XD, EV 103.8 MPH), Distance : 397 ft
Batting: RHB Mike Thomas 0-0: Foul Ball, location: 2F
0-1: Called Strike
0-2: Ball
1-2: Ball
2-2: Strikes out swinging
Bottom of the 1st over - 1 run, 1 hit, 0 errors, 0 left on base; Birmingham 1 - Newark 1
TOP OF THE 2ND
Birmingham Barons batting - Pitching for Newark Bears : RHP Marc Mobley
Batting: RHB Travis Beals 0-0: Called Strike
0-1: Called Strike
0-2: DOUBLE (Line Drive, 8RXD, EV 103.1 MPH)
Batting: RHB Brian Eddy 0-0: Ball
1-0: Ball
2-0: Ball
3-0: Base on Balls
Batting: RHB Fogarty Powers 0-0: Ball
1-0: Fielders Choice at 2nd, 5-4 (Groundball, 56, EV 85.6 MPH)
Travis Beals to third
Batting: RHB Martin Trezo 0-0: Fly out, F5 (Popup, 5S, EV 75.0 MPH)
Batting: RHB Josh Herman 0-0: Called Strike
0-1: Ball
Passed Ball!
Travis Beals scores
Fogarty Powers to second
1-1: Ball
2-1: Called Strike
2-2: Ball
3-2: 2-RUN HOME RUN (Flyball, 7D, EV 90.6 MPH), Distance : 349 ft
Batting: LHB Neal Prima 0-0: Ball
1-0: Ball
2-0: Ball
3-0: Base on Balls
Batting: LHB Tyler Merrill 0-0: Ball
1-0: Ball
2-0: Ball
3-0: Base on Balls
Neal Prima to second
Batting: RHB Melvin Schaffer 0-0: Fly out, F8 (Flyball, 8RD, EV 98.1 MPH)
Top of the 2nd over - 3 runs, 2 hits, 0 errors, 2 left on base; Birmingham 4 - Newark 1
BOTTOM OF THE 2ND
Newark Bears batting - Pitching for Birmingham Barons : RHP Lucien Taylor
Batting: RHB Gabe Mota 0-0: Ball
1-0: Foul Ball, location: 2F
1-1: Ball
2-1: Called Strike
2-2: Strikes out swinging
Batting: SHB T.J. Dill 0-0: Fly out, F7 (Flyball, 7, EV 96.9 MPH)
Batting: RHB Raheem Bruno 0-0: Ball
1-0: Ground out 6-3 (Groundball, 6, EV 88.1 MPH)
Bottom of the 2nd over - 0 runs, 0 hits, 0 errors, 0 left on base; Birmingham 4 - Newark 1
TOP OF THE 3RD
Birmingham Barons batting - Pitching for Newark Bears : RHP Marc Mobley
Batting: LHB Elijah Lowe 0-0: Ball
1-0: Ball
2-0: Ball
3-0: Base on Balls
Batting: RHB Travis Beals 0-0: Foul Ball, location: 2F
0-1: Swinging Strike
0-2: SINGLE (Line Drive, 78S, EV 93.8 MPH)
Elijah Lowe to second
Batting: RHB Brian Eddy 0-0: Fly out, F7 (Line Drive, 7, EV 91.9 MPH)
Batting: RHB Fogarty Powers 0-0: Ball
1-0: Ball
2-0: Fly out, F8 (Line Drive, 8RM, EV 93.1 MPH)
Batting: RHB Martin Trezo 0-0: Called Strike
0-1: Ball
1-1: Ball
2-1: Foul Ball, location: 2F
2-2: Ground out 4-3 (Groundball, 34, EV 86.2 MPH)
Top of the 3rd over - 0 runs, 1 hit, 0 errors, 2 left on base; Birmingham 4 - Newark 1
BOTTOM OF THE 3RD
Newark Bears batting - Pitching for Birmingham Barons : RHP Lucien Taylor
Batting: RHB Ruben Vilanova 0-0: Called Strike
0-1: Ground out 5-3 (Groundball, 5L, EV 89.4 MPH)
Batting: LHB Chris Flocken 0-0: Called Strike
0-1: Foul Ball, location: 2F
0-2: Strikes out swinging
Batting: SHB John Sparks 0-0: SINGLE (Groundball, 4MD, EV 103.1 MPH)
Batting: RHB Willie Hernandez 0-0: Foul Ball, location: 2F
0-1: Foul Ball, location: 2F
0-2: Fly out, F5 (Popup, 15, EV 81.9 MPH)
Bottom of the 3rd over - 0 runs, 1 hit, 0 errors, 1 left on base; Birmingham 4 - Newark 1
TOP OF THE 4TH
Birmingham Barons batting - Pitching for Newark Bears : RHP Marc Mobley
Batting: RHB Josh Herman 0-0: Ball
1-0: Fly out, F3 (Line Drive, 3, EV 71.9 MPH)
Batting: LHB Neal Prima 0-0: Foul Ball, location: 2F
0-1: Ball
1-1: Called Strike
1-2: Ball
2-2: Ball
3-2: Fly out, F8 (Flyball, 89S, EV 90.0 MPH)
Batting: LHB Tyler Merrill 0-0: Ball
1-0: Ball
2-0: Called Strike
2-1: Ball
3-1: Called Strike
3-2: Fly out, F7 (Flyball, 78D, EV 94.4 MPH)
Top of the 4th over - 0 runs, 0 hits, 0 errors, 0 left on base; Birmingham 4 - Newark 1
BOTTOM OF THE 4TH
Newark Bears batting - Pitching for Birmingham Barons : RHP Lucien Taylor
Batting: LHB Luke Deery 0-0: Called Strike
0-1: Ball
1-1: Ground out 5-3 (Groundball, 6, EV 78.8 MPH)
Batting: RHB Mike Thomas 0-0: Called Strike
0-1: Ball
1-1: Ball
2-1: Foul Ball, location: 2F
2-2: Ball
3-2: Base on Balls
Batting: RHB Gabe Mota 0-0: Called Strike
0-1: Ball
1-1: Ball
2-1: Ball
3-1: Base on Balls
Mike Thomas to second
Batting: SHB T.J. Dill 0-0: Ball
1-0: Fly out, F4 (Flyball, 34D, EV 81.9 MPH)
Batting: RHB Raheem Bruno 0-0: Fly out, F9 (Flyball, 89S, EV 93.8 MPH)
Bottom of the 4th over - 0 runs, 0 hits, 0 errors, 2 left on base; Birmingham 4 - Newark 1
TOP OF THE 5TH
Birmingham Barons batting - Pitching for Newark Bears : RHP Marc Mobley
Batting: RHB Melvin Schaffer 0-0: Ball
1-0: Swinging Strike
1-1: Fly out, F8 (Flyball, 8LD, EV 93.8 MPH)
Batting: LHB Elijah Lowe 0-0: Foul Ball, location: 2F
0-1: Ball
1-1: Ball
2-1: Ball
3-1: Ground out 4-3 (Groundball, 34, EV 108.8 MPH)
Batting: RHB Travis Beals 0-0: Ball
1-0: Called Strike
1-1: Swinging Strike
1-2: Ball
2-2: Ball
3-2: Ground out 4-3 (Groundball, 4, EV 80.6 MPH)
Top of the 5th over - 0 runs, 0 hits, 0 errors, 0 left on base; Birmingham 4 - Newark 1
BOTTOM OF THE 5TH
Newark Bears batting - Pitching for Birmingham Barons : RHP Lucien Taylor
Batting: RHB Ruben Vilanova 0-0: Ball
1-0: Ball
2-0: Foul Ball, location: 2F
2-1: SINGLE (Groundball, 4M, EV 99.4 MPH)
Batting: LHB Chris Flocken 0-0: Ball
1-0: SINGLE (Line Drive, 6D, EV 103.8 MPH)
Ruben Vilanova to second
Batting: SHB John Sparks 0-0: Bunted foul
0-1: Bunt missed!
0-2: Ball
1-2: Ball
2-2: Ball
3-2: SINGLE (Line Drive, 9S, EV 112.5 MPH)
Ruben Vilanova to third
Chris Flocken to second
Batting: RHB Willie Hernandez 0-0: Ball
1-0: Called Strike
1-1: Foul Ball, location: 2F
1-2: Ball
2-2: DOUBLE (Groundball, 5L, EV 108.8 MPH)
Ruben Vilanova scores
Chris Flocken scores
John Sparks to third
Batting: LHB Luke Deery 0-0: Ball
1-0: Ball
2-0: Ball
3-0: Base on Balls
Batting: RHB Mike Thomas 0-0: Called Strike
0-1: Ball
1-1: Ball
2-1: Grounds into double play, 6-4-3 (Groundball, 6, EV 108.1 MPH)
John Sparks scores
Willie Hernandez to third
Batting: RHB Gabe Mota 0-0: Ground out 5-3 (Groundball, 5, EV 101.2 MPH)
Bottom of the 5th over - 3 runs, 4 hits, 0 errors, 1 left on base; Birmingham 4 - Newark 4
TOP OF THE 6TH
Birmingham Barons batting - Pitching for Newark Bears : RHP Marc Mobley
Batting: RHB Brian Eddy 0-0: Swinging Strike
0-1: Ball
1-1: Called Strike
1-2: Ball
2-2: Ball
3-2: Base on Balls
Batting: RHB Fogarty Powers 0-0: Ball
1-0: Ball
2-0: Called Strike
2-1: Fly out, F6 (Line Drive, 6, EV 70.0 MPH)
Batting: RHB Martin Trezo 0-0: Fly out, F3 (Popup, 3F, EV 76.9 MPH)
Batting: RHB Josh Herman 0-0: 2-RUN HOME RUN (Flyball, 78XD, EV 99.4 MPH), Distance : 391 ft
Pitching: RHP Jorge Diaz
Batting: LHB Neal Prima 0-0: Ball
1-0: Foul Ball, location: 2F
1-1: Foul Ball, location: 2F
1-2: Strikes out swinging
Top of the 6th over - 2 runs, 1 hit, 0 errors, 0 left on base; Birmingham 6 - Newark 4
BOTTOM OF THE 6TH
Newark Bears batting - Pitching for Birmingham Barons : RHP Lucien Taylor
Batting: SHB T.J. Dill 0-0: Ball
1-0: Called Strike
1-1: Ball
2-1: Ball
3-1: Ground out 4-3 (Groundball, 4S, EV 84.4 MPH)
Batting: RHB Raheem Bruno 0-0: DOUBLE (Flyball, 9D, EV 96.2 MPH)
Batting: RHB Ruben Vilanova 0-0: Foul Ball, location: 2F
0-1: Ball
1-1: Ball
2-1: Swinging Strike
2-2: Foul Ball, location: 2F
2-2: Foul Ball, location: 2F
2-2: Ground out 6-3 (Groundball, 6, EV 85.0 MPH)
Batting: LHB Chris Flocken 0-0: Ball
1-0: Ball
2-0: Ball
3-0: Called Strike
3-1: Base on Balls
Batting: SHB John Sparks 0-0: Ball
1-0: Foul Ball, location: 2F
1-1: Ball
2-1: Fly out, F8 (Flyball, 8LM, EV 80.6 MPH)
Bottom of the 6th over - 0 runs, 1 hit, 0 errors, 2 left on base; Birmingham 6 - Newark 4
TOP OF THE 7TH
Birmingham Barons batting - Pitching for Newark Bears : RHP Jorge Diaz
Batting: LHB Tyler Merrill 0-0: Called Strike
0-1: Ball
1-1: Foul Ball, location: 2F
1-2: Strikes out looking
Batting: RHB Melvin Schaffer 0-0: Fly out, F7 (Line Drive, 7, EV 85.0 MPH)
Batting: LHB Elijah Lowe 0-0: Ground out 5-3 (Groundball, 56D, EV 111.9 MPH)
Top of the 7th over - 0 runs, 0 hits, 0 errors, 0 left on base; Birmingham 6 - Newark 4
BOTTOM OF THE 7TH
Newark Bears batting - Pitching for Birmingham Barons : RHP Lucien Taylor
Batting: RHB Willie Hernandez 0-0: Ball
1-0: Foul Ball, location: 2F
1-1: Called Strike
1-2: Ball
2-2: Ground out 6-3 (Groundball, 6S, EV 80.6 MPH)
Pitching: RHP Kevin Sabo
Batting: LHB Luke Deery 0-0: Called Strike
0-1: Swinging Strike
0-2: Ball
1-2: Strikes out swinging
Batting: RHB Mike Thomas 0-0: Ball
1-0: Foul Ball, location: 2F
1-1: Foul Ball, location: 2F
1-2: Fly out, F3 (Popup, 3, EV 66.2 MPH)
Bottom of the 7th over - 0 runs, 0 hits, 0 errors, 0 left on base; Birmingham 6 - Newark 4
TOP OF THE 8TH
Birmingham Barons batting - Pitching for Newark Bears : RHP Jorge Diaz
Batting: RHB Travis Beals 0-0: Ground out 5-3 (Groundball, 5, EV 80.0 MPH)
Batting: RHB Brian Eddy 0-0: Ground out 5-3 (Groundball, 56, EV 96.9 MPH)
Batting: RHB Fogarty Powers 0-0: Ball
1-0: Ball
2-0: Called Strike
2-1: Foul Ball, location: 2F
2-2: Ball
3-2: Strikes out looking
Top of the 8th over - 0 runs, 0 hits, 0 errors, 0 left on base; Birmingham 6 - Newark 4
BOTTOM OF THE 8TH
Newark Bears batting - Pitching for Birmingham Barons : RHP Kevin Sabo
Batting: RHB Gabe Mota 0-0: Called Strike
0-1: Ball
1-1: Swinging Strike
1-2: Ball
2-2: Ball
3-2: Ground out 4-3 (Groundball, 34, EV 80.6 MPH)
Batting: SHB T.J. Dill 0-0: Fly out, F4 (Line Drive, 4, EV 62.5 MPH)
Batting: RHB Raheem Bruno 0-0: Reached on error, E6 (Groundball, 6, EV 104.4 MPH)
Batting: RHB Ruben Vilanova 0-0: Called Strike
0-1: Fly out, F8 (Flyball, 8RM, EV 89.4 MPH)
Bottom of the 8th over - 0 runs, 0 hits, 1 error, 1 left on base; Birmingham 6 - Newark 4
TOP OF THE 9TH
Birmingham Barons batting - Pitching for Newark Bears : RHP Jorge Diaz
Batting: RHB Martin Trezo 0-0: Ball
1-0: Ball
2-0: Called Strike
2-1: Swinging Strike
2-2: Foul Ball, location: 2F
2-2: Foul Ball, location: 2F
2-2: Ball
3-2: SINGLE (Line Drive, 4D, EV 100.0 MPH)
Batting: RHB Josh Herman 0-0: Ball
1-0: Grounds into double play, 6-4-3 (Groundball, 6, EV 80.0 MPH)
Batting: LHB Neal Prima 0-0: Swinging Strike
0-1: Ball
1-1: Ball
2-1: Foul Ball, location: 2F
2-2: Strikes out swinging
Top of the 9th over - 0 runs, 1 hit, 0 errors, 0 left on base; Birmingham 6 - Newark 4
BOTTOM OF THE 9TH
Newark Bears batting - Pitching for Birmingham Barons : RHP Kevin Sabo
Pitching: RHP Melvin Feliciano
Batting: LHB Chris Flocken 0-0: Foul Ball, location: 2F
0-1: Ball
1-1: Foul Ball, location: 2F
1-2: Ball
2-2: Ground out U3 (Groundball, 3, EV 87.5 MPH)
Batting: SHB John Sparks 0-0: Ball
1-0: Called Strike
1-1: Called Strike
1-2: Foul Ball, location: 2F
1-2: Ball
2-2: Strikes out looking
Batting: RHB Willie Hernandez 0-0: Ball
1-0: Swinging Strike
1-1: Ground out 6-3 (Groundball, 6M, EV 92.5 MPH)
Bottom of the 9th over - 0 runs, 0 hits, 0 errors, 0 left on base; Birmingham 6 - Newark 4
Friday, April 26th , 2024 - OOTP Baseball 24.11 Build 85